 Dungeon Crawl Stone Soup version 0.28.0 (webtiles) character file.

Game seed: 6149909886921573236

870 anarkitty the Conjurer (level 7, -3/55 HPs)
             Began as a Purple Draconian Conjurer on Feb 8, 2022.
             Was a Believer of Okawaru.
             Slain by a gnoll (12 damage)
             ... on level 5 of the Dungeon on Feb 14, 2022.
             The game lasted 00:17:23 (6262 turns).

anarkitty the Conjurer (Purple Draconian Conjurer)  Turns: 6262, Time: 00:17:23

Health: -3/55      AC:  6    Str:  9    XL:     7   Next: 73%
Magic:  0/16       EV: 12    Int: 21    God:    Okawaru [**....]
Gold:   225        SH:  0    Dex:  9    Spells: 11/18 levels left

rFire   . . .      SeeInvis .     - Unarmed
rCold   . . .      Faith    .   (no shield)
rNeg    . . .      Spirit   +   (armour unavailable)
rPois   .          Reflect  .   (helmet restricted)
rElec   .          Harm     .   (no cloak)
rCorr   .          Rampage  .   (no gloves)
Will    +....                   (no boots)
Stlth   +.........              q - amulet of guardian spirit
HPRegen 0.18/turn               (no ring)
MPRegen 0.15/turn               (no ring)

@: lit by a corona, glowing
A: breathe power, AC +6, unfitting armour, cold-blooded
a: Breathe Dispelling Energy, Renounce Religion, Heroism


You were on level 5 of the Dungeon.
You worshipped Okawaru.
Okawaru was pleased with you.
You visited 1 branch of the dungeon, and saw 5 of its levels.

You collected 225 gold pieces.

Inventory:

Jewellery
 q - an amulet of guardian spirit (around neck)
Scrolls
 a - 4 scrolls of identify {unknown}
 b - 4 scrolls of teleportation {unknown}
 e - a scroll of magic mapping {unknown}
 g - a scroll of torment {unknown}
 h - a scroll of noise {unknown}
 j - a scroll of fog {unknown}
 k - a scroll of holy word {unknown}
 l - a scroll of fear {unknown}
 m - a scroll of immolation {unknown}
 o - a scroll of enchant weapon {unknown}
Potions
 c - 2 potions of mutation {unknown}
 d - 2 potions of heal wounds {unknown}
 f - a potion of curing {unknown}
 i - a potion of flight {unknown}
 n - 2 potions of degeneration {unknown}
 p - 2 potions of attraction {unknown}
 r - a potion of magic {unknown}


   Skills:
 + Level 2.1 Fighting
 + Level 3.4 Dodging
 + Level 2.7 Stealth
 + Level 2.6 Unarmed Combat
 + Level 6.0 Spellcasting
 + Level 6.2 Conjurations


You had 11 spell levels left.
You knew the following spells:

 Your Spells              Type           Power      Damage    Failure   Level
a - Magic Dart            Conj           100%       1d8       1%          1
b - Searing Ray           Conj           64%        2d6       1%          2
c - Dazzling Flash        Conj/Hex       38%        N/A       9%          3
d - Slow                  Hex            24%        N/A       10%         1

Your spell library contained the following spells:

 Spells                   Type           Power      Damage    Failure   Level
 Fulminant Prism          Conj/Hex       9%         3d7       26%         4
 Iskenderun's Mystic Bla  Conj/Tloc      19%        2d6       26%         4
 Confusing Touch          Hex            6%         N/A       28%         3
 Vampiric Draining        Necr           6%         2d6       28%         3
 Orb of Destruction       Conj           16%        9d7       100%        7
 Summon Guardian Golem    Hex/Summ       Unusable   N/A       N/A         3
 Spellforged Servitor     Conj/Summ      Unusable   N/A       N/A         7

Dungeon Overview and Level Annotations

Branches:
Dungeon (5/15)             Temple (0/1) D:5

Altars:
Cheibriados
Okawaru
Xom
Zin


Innate Abilities, Weirdness & Mutations

You can breathe bolts of dispelling energy.
Your rich purple scales are hard. (AC +6)
You cannot fit into any form of body armour.
You are cold-blooded and may be slowed by cold attacks.


Message History

Casting: Dazzling Flash (dangerous; 9% risk of failure)
Press: ? - help, Dir - look around, f - activate The gnoll is dazzled.
The gnoll shaman hits you with a +0 whip.
The gnoll hits you from afar with a +0 halberd.
You closely miss the gnoll shaman.
Your tail-slap misses the gnoll shaman.
The gnoll shaman is almost dead.
The gnoll shaman hits you with a +0 whip.
The gnoll closely misses you.
The gnoll hits you from afar with a +0 halberd.
You barely miss the gnoll shaman.
The gnoll shaman is almost dead.
The gnoll shaman prays to its god.
The gnoll shaman is healed somewhat.
The gnoll misses you. The gnoll barely misses you.
You barely miss the gnoll shaman.
The gnoll shaman is heavily wounded.
The gnoll shaman hits you with a +0 whip!
The gnoll closely misses you.
The gnoll hits you from afar with a +0 halberd!
You hit the gnoll shaman but do no damage.
You tail-slap the gnoll shaman.
The gnoll shaman is severely wounded.
The gnoll shaman hits you with a +0 whip.
* * * LOW HITPOINT WARNING * * *
The gnoll hits you but does no damage. The gnoll barely misses you.
You hit the gnoll shaman but do no damage.
The gnoll shaman is severely wounded.
The gnoll is no longer blind.
The gnoll shaman closely misses you. The gnoll misses you.
The gnoll barely misses you.
You barely miss the gnoll shaman. Your punch misses the gnoll shaman.
The gnoll shaman is severely wounded.
The gnoll shaman closely misses you. The gnoll misses you.
The gnoll barely misses you.
You hit the gnoll shaman but do no damage.
The gnoll shaman is severely wounded.
The gnoll shaman closely misses you. The gnoll hits you with a +0 whip.
* * * LOW HITPOINT WARNING * * *
The gnoll hits you from afar with a +0 halberd!
You die...

#.......#
#.#..##### #
#######.#
#........>.#
#.###.....####..
#.##.......# ..
#...............
#............. .
#.###.....>.##.
.##.#####.#
##........
......g@g.#
###......
#######)###
..... #g# .....
..# .. .#..
#.##. # . 8.


You could see a gnoll shaman and 2 gnolls.

Vanquished Creatures
  A wyvern (D:5)
  A black bear (D:4)
  A centaur (D:5)
  A scorpion (D:4)
  An elf skeleton (D:4)
  2 hounds (D:4)
  2 human zombies (D:4)
  2 jellies
  A bullfrog skeleton (D:4)
  3 human skeletons (D:4)
  A gnoll (D:5)
  6 adders
  An adder skeleton (D:4)
  4 dart slugs
  2 orcs (D:3)
  4 bats
  3 endoplasms
  2 giant cockroaches
  8 goblins
  12 hobgoblins
  6 jackals
  3 quokkas
  6 ball pythons
  2 frilled lizards
  A jackal skeleton (D:4)
  5 kobolds
  5 rats
86 creatures vanquished.

Vanquished Creatures (others)
  29 plants (D:3)
29 creatures vanquished.

Grand Total: 115 creatures vanquished

Notes
Turn   | Place    | Note
-------+----------+-------------------------------------------
     0 | D:1      | anarkitty the Draconian Conjurer began the quest for the
                  | Orb.
     0 | D:1      | Reached XP level 1. HP: 14/14 MP: 3/3
   269 | D:1      | Reached XP level 2. HP: 20/20 MP: 0/5
  1155 | D:1      | Reached XP level 3. HP: 26/26 MP: 0/6
  2129 | D:2      | Found a faded altar of an unknown god.
  2369 | D:2      | Prayed at the altar of an unknown god.
  2369 | D:2      | Became a worshipper of Warmaster Okawaru
  2369 | D:2      | Reached * piety under Okawaru
  2708 | D:3      | Found a snail-covered altar of Cheibriados.
  2850 | D:3      | Reached XP level 4. HP: 33/33 MP: 4/8
  3060 | D:3      | Learned a level 2 spell: Searing Ray
  3190 | D:3      | You fall into a shaft and drop 1 floor!
  3472 | D:4      | Noticed a scorpion
  3512 | D:4      | Killed a scorpion
  3513 | D:4      | Reached skill level 5 in Conjurations
  3513 | D:4      | Reached XP level 5. HP: 4/38 MP: 1/10
  4641 | D:4      | Reached skill level 1 in Unarmed Combat
  4726 | D:4      | Reached ** piety under Okawaru
  4727 | D:4      | Reached skill level 1 in Fighting
  4727 | D:4      | Reached XP level 6. HP: 33/47 MP: 0/11
  5499 | D:4      | Your scales start taking on a rich purple colour.
  5499 | D:4      | Reached skill level 5 in Spellcasting
  5499 | D:4      | Reached XP level 7. HP: 52/52 MP: 10/14
  5740 | D:4      | Found a shimmering altar of Xom.
  5789 | D:5      | Entered Level 5 of the Dungeon
  5950 | D:5      | Noticed a wyvern
  6030 | D:5      | Killed a wyvern
  6124 | D:5      | Found a staircase to the Ecumenical Temple.
  6135 | D:5      | Learned a level 3 spell: Dazzling Flash
  6137 | D:5      | Learned a level 1 spell: Slow
  6150 | D:5      | Found a glowing silver altar of Zin.
  6262 | D:5      | Slain by a gnoll

Illustrated notes

Levels and vault maps discovered:
D:1:      dpeg_arrival_rooms_with_view, layout_rooms
D:2:      layout_basic, basic_ecumenical_altar, minmay_split_cup_small
D:3:      layout_basic, mainiacjoe_overflow_boulevard,
          chequers_serial_rivers_room_a, kennysheep_boxes
D:4:      minmay_razor_zed, layout_loops_ring, mainiacjoe_overflow_alcove_4,
          nicolae_ossuary_entry_catacombs
D:5:      layout_loops_cross, pdpol_temple_overflow_zin_treasury_gozag_greed,
          minmay_temple_entry_junction_2, eino_tiny_chamber,
          nicolae_inconvenience_store, kb_lookout_dungeons_type,
          minmay_misc_feat_columns, minmay_misc_feat_tower,
          nicolae_zen_rock_garden

Skill      XL: |  1  2  3  4  5  6  7 |
---------------+----------------------+-----
Stealth        | 2 |  2.7
Dodging        | 2 3 |  3.4
Spellcasting   | 3 5 6 |  6.0
Conjurations   | 5 6 |  6.2
Unarmed Combat | 1 2 |  2.6
Fighting       | 1 2 |  2.1

Action                   |  1- 3 |  4- 6 |  7- 9 || total
-------------------------+-------+-------+-------++-------
Melee: Unarmed           |     4 |    64 |     7 ||    75
       Tailslap          |       |    10 |     1 ||    11
       Punch             |       |     2 |       ||     2
 Cast: Magic Dart        |    96 |    58 |    51 ||   205
       Searing Ray       |       |    15 |     4 ||    19
       Dazzling Flash    |       |       |     2 ||     2
Armor: Skin              |     3 |    22 |     3 ||    28
Dodge: Dodged            |    28 |    66 |    22 ||   116
